 Dungeon Crawl Stone Soup version 0.16.2-12-gd0ad4c3 (webtiles) character file.

67588 Goblin1989 the Warrior (level 15, -1/103 HPs)
             Began as a Gargoyle Fighter on July 17, 2016.
             Was the Champion of Ashenzari.
             Killed by divine providence
             ... invoked by an orc priest
              (13 damage)
             ... on level 4 of the Orcish Mines on Aug 17, 2016.
             The game lasted 01:04:59 (23599 turns).

Goblin1989 the Warrior (Gargoyle Fighter)          Turns: 23599, Time: 01:05:00

Health: -1/103     AC: 44    Str: 27    XL:     15   Next: 23%
Magic:  29/29      EV: 11    Int: 10    God:    Ashenzari [******]
Gold:   1948       SH: 14    Dex:  9    Spells: 1 memorised, 11 levels left

rFire  + . .     SeeInvis +     n - +1 flail (curse)
rCold  + . .     Clarity  +     a - +11 chain mail of the Cooper {rElec Str+2 SInv Stlth+} (curse)
rNeg   + . .     SustAb   .     c - +0 shield (curse)
rPois  ∞         Gourm    .     j - +1 helmet (curse)
rElec  +         Spirit   .     s - +2 cloak (curse)
rCorr  +         Warding  .     f - +2 pair of gloves (curse)
rMut   .         Stasis   .     (no boots)
MR     +....                    t - amulet of resist corrosion (curse)
Stlth  ..........               W - ring of protection from cold
                                z - ring of protection from fire (curse)

@: flying, somewhat resistant to hostile enchantments, extremely unstealthy
A: able to fly continuously, big wings, mutation resistance 1, negative energy
resistance 1, electricity resistance, unbreathing, petrification resistance, rot
immunity, AC +11
a: Stop Flying, Scrying, Transfer Knowledge, Renounce Religion


You were on level 4 of the Orcish Mines.
You worshipped Ashenzari.
Ashenzari was exalted by your worship.
You were not hungry.

You visited 4 branches of the dungeon, and saw 25 of its levels.
You also visited: Sewer and Ossuary.

You collected 2371 gold pieces.
You spent 423 gold pieces at shops.

Inventory:

Hand weapons
 n - a cursed +1 flail (weapon)
Missiles
 w - 6 throwing nets (quivered)
Armour
 a - the cursed +11 chain mail of the Cooper (worn) {rElec Str+2 SInv Stlth+}
   (You found it on level 5 of the Dungeon)

   It affects your strength (+2).
   It insulates you from electricity.
   It enhances your eyesight.
   It makes you more stealthy.
   It has a curse placed upon it.
 c - a cursed +0 shield (worn)
 f - a cursed +2 pair of gloves (worn)
 j - a cursed +1 helmet (worn)
 s - a cursed +2 cloak (worn)
Jewellery
 t - a cursed amulet of resist corrosion (around neck)
 z - a cursed ring of protection from fire (left hand)
 W - a ring of protection from cold (right hand)
Magical devices
 A - a wand of fireball (5)
 I - a wand of frost (18)
 N - a wand of confusion (28)
 P - a wand of disintegration (11)
 S - a wand of polymorph (12)
 U - a wand of teleportation (4)
 V - a wand of lightning (4)
Scrolls
 b - a scroll of holy word
 h - 3 scrolls of blinking
 i - 8 scrolls of fear
 k - a scroll of immolation
 m - 10 scrolls of teleportation
 p - a scroll of enchant weapon
 v - 6 scrolls of enchant armour
 x - a scroll of curse armour
 y - 2 scrolls of amnesia
 B - 14 scrolls of remove curse
 C - a scroll of magic mapping
 E - a scroll of brand weapon
 M - a scroll of fog
 O - a scroll of recharging
Potions
 e - 3 potions of brilliance
 l - 2 potions of resistance
 o - 2 potions of heal wounds
 q - 3 potions of restore abilities
 r - 7 potions of curing
 F - 2 potions of cancellation
 K - a potion of berserk rage
 R - a potion of agility
 T - a potion of magic
 Y - a potion of flight
 Z - a potion of invisibility
Books
 Q - a Necronomicon {highlevel}

   This book is beyond your current level of understanding.

   Spells                             Type                      Level
   a - Haunt                          Necromancy/Summoning         7
   b - Borgnjor's Revivification      Necromancy                   8
   c - Death's Door                   Charms/Necromancy            8
   d - Necromutation                  Transmutation/Necromancy     8
Miscellaneous
 L - a phial of floods
Comestibles
 d - 12 bread rations
 g - 8 beef jerkies
 u - 8 meat rations
 G - 2 slices of pizza
 J - 7 fruits


   Skills:
 * Level 15.0 Fighting
 - Level 12.6(16.7) Maces & Flails
 * Level 9.2(13.5) Armour
 - Level 6.1 Dodging
 - Level 12.7(15.3) Shields
 + Level 11.0(13.8) Evocations


You had 11 spell levels left.
You knew the following spells:

 Your Spells              Type           Power        Failure   Level  Hunger
a - Passwall              Trmt/Erth      #.........   100%        3    ####...


Dungeon Overview and Level Annotations

Branches:
Dungeon (12/15)            Temple (1/1) D:5            Lair (8/8) D:8
  Swamp (0/5) Lair:3       Spider (0/5) Lair:5        Slime (0/6) Lair:7
    Orc (4/4) D:12            Elf (0/3) Orc:3

Altars:
Ashenzari
Cheibriados
Dithmenos
Elyvilon
Fedhas
Gozag
Kikubaaqudgha
Nemelex Xobeh
Okawaru
Qazlal
Ru
Sif Muna
Trog
Vehumet
Xom
Yredelemnul
Zin
The Shining One

Shops:
D:12 :   Orc:1 *!!!   Orc:4 ??


Innate Abilities, Weirdness & Mutations

You are resistant to torment.
You are immune to poison.
You can fly continuously.
Your stone body is very resilient (AC +11).
Your wings are large and strong.
You resist negative energy.
You are resistant to electric shocks.
You can survive without breathing.
You are immune to petrification.
You are immune to rotting.
You are somewhat resistant to further mutation.


Message History

You completely miss the orc priest.
You hit the orc priest but do no damage.
You block the orc priest's attack.
You hit the orc priest.
The orc priest is lightly wounded.
You block the orc priest's attack.
You hit the orc priest.
The orc priest is moderately wounded.
You barely miss the orc priest.
The orc priest is moderately wounded.
The orc priest hits you but does no damage.
You barely miss the orc priest.
The orc priest is moderately wounded.
You closely miss the orc priest.
The orc priest is moderately wounded.
You bludgeon the orc priest!!
You kill the orc priest!
The orc priest mumbles some strange prayers to Beogh against you.
Something smites you!
You die...

....#.#))## ...
.....#. * .#....##).##
..##.....#
*##...###..##*.......#
{##...*##.)###......#
{{##.. ##.o##......##
, ,,##. ,
##.o....#...### {*, #.
##....)......## ∩, ,{
, *##.##[)......# , {{
* , *###@o[......# *∩
, * *,** #...........#
* * , **
##..[.....#.#* ** , {
*, #...)#.....## , {
** { * ##...###..##
*** , , *,{, ###
##.[.#.### * #, , { {,
*####.## ##.#...# * ..
, * *##.....###.).#.##
*.., , , ,
##..##....##)##..##
.#.##*,


You could see an orc priest.

Vanquished Creatures
  Snorg (Lair:4)
  Harold (Lair:6)
  7 hydras
  Erica (Lair:6)
  11 death yaks
  A spectral orc (Lair:6)
  Nergalle (Lair:6)
  The ghost of Charly the Cleaver, an experienced DDGl of Makhleb (Orc:3)
  An unseen horror (D:11)
  3 orc knights
  2 hill giants
  An orc sorcerer (Orc:1)
  3 ugly things
  2 sixfirhies (Orc:4)
  A manticore (D:9)
  5 griffons
  11 elephants
  12 spiny frogs
  A queen ant (Lair:3)
  5 black mambas
  A smoke demon (Orc:4)
  A rust devil (Orc:4)
  A centaur skeleton (D:12)
  6 fire drakes
  A wandering mushroom (D:10)
  5 komodo dragons
  A spriggan druid (Lair:8)
  2 polar bears (Lair:8)
  6 trolls
  Sonja (Orc:2)
  Grinder (D:5)
  12 blink frogs
  2 giant leeches (Lair:3)
  3 basilisks
  A trapdoor spider (D:11)
  3 deep elf magi
  3 spriggans
  A shadow (D:9)
  3 redbacks (Lair:8)
  3 wyverns
  24 yaks
  A steam dragon (Lair:5)
  Grum (D:8)
  8 hippogriffs
  5 soldier ants (Lair:3)
  A warg (Orc:3)
  Edmund (D:5)
  A swamp worm (Lair:3)
  32 wolves
  13 porcupines
  19 orc warriors
  16 water moccasins
  2 necrophages
  3 sky beasts
  3 ice beasts
  An eye of draining (D:10)
  An eye of draining (shapeshifter) (D:10)
  3 phantoms
  2 black bears
  10 ogres
  7 centaurs
  A big kobold (D:8)
  16 crocodiles
  Blork the orc (D:8)
  16 giant frogs
  2 scorpions
  17 killer bees
  5 wights (D:12)
  An electric eel (Lair:7)
  3 quasits
  5 crimson imps
  3 goliath beetles
  2 giant frog zombies
  10 hounds
  4 centaur zombies
  25 orc priests
  Crazy Yiuf (D:3)
  A gnoll shaman (D:9)
  10 iguanas
  20 orc wizards
  2 jellies
  2 giant frog skeletons (D:8)
  15 worker ants
  A killer bee zombie (D:8)
  11 sheep
  2 hound skeletons (D:9)
  4 mummies
  2 worker ant zombies (D:11)
  14 gnolls
  19 adders
  66 river rats
  A shadow imp (D:6)
  2 giant mites
  A worm (D:2)
  154 orcs
  A ball python (D:3)
  7 giant cockroaches
  15 goblins
  15 hobgoblins
  22 kobolds
  13 quokkas
  5 bats
  7 giant geckos
  5 giant newts
  12 hobgoblin zombies (Ossuary)
  14 jackals
  A jackal skeleton (D:6)
  2 jackal zombies (Ossuary)
  14 kobold zombies (Ossuary)
  6 orc zombies
  2 quokka zombies (D:8)
  13 rats
  2 rat zombies (Ossuary)
  3 ballistomycetes
880 creatures vanquished.

Vanquished Creatures (others)
  An electric eel (Lair:7)
  An orc (Orc:1)
  A giant spore (D:12)
  5 fungi
  3 plants
11 creatures vanquished.

Grand Total: 891 creatures vanquished

Notes
Turn   | Place    | Note
--------------------------------------------------------------
     0 | D:1      | Goblin1989, the Gargoyle Fighter, began the quest for the Orb.
     0 | D:1      | Reached XP level 1. HP: 14/14 MP: 1/1
   483 | D:1      | Reached XP level 2. HP: 14/19 MP: 2/2
   857 | D:2      | Found a sacrificial altar of Ru.
   993 | D:2      | Reached XP level 3. HP: 21/23 MP: 3/3
  1191 | D:2      | Found a glowing silver altar of Zin.
  1209 | D:2      | Reached skill level 4 in Maces & Flails
  1213 | D:2      | Reached XP level 4. HP: 20/28 MP: 4/4
  1638 | D:3      | Found a shadowy altar of Dithmenos.
  1778 | D:3      | Reached skill level 5 in Maces & Flails
  1778 | D:3      | Reached XP level 5. HP: 32/32 MP: 5/5
  1924 | D:3      | Noticed Crazy Yiuf
  1932 | D:3      | Killed Crazy Yiuf
  2181 | D:4      | Found a bloodstained altar of Trog.
  2185 | D:4      | Noticed an ogre
  2476 | D:4      | Noticed an ogre
  2476 | D:4      | Noticed a phantom
  2493 | D:4      | Killed an ogre
  2493 | D:4      | Reached skill level 6 in Maces & Flails
  2493 | D:4      | Reached XP level 6. HP: 37/37 MP: 6/6
  2513 | D:4      | Killed a phantom
  2533 | D:4      | Found a basalt altar of Yredelemnul.
  2534 | D:4      | Noticed a profane servitor
  2538 | D:4      | Found a glowing golden altar of the Shining One.
  2539 | D:4      | Noticed an angel
  2632 | D:4      | Found a shimmering altar of Xom.
  2652 | D:4      | Found a snail-covered altar of Cheibriados.
  2681 | D:4      | Reached skill level 7 in Maces & Flails
  2731 | D:4      | Reached XP level 7. HP: 41/41 MP: 7/7
  2916 | D:4      | Killed an ogre
  3023 | D:5      | Entered Level 5 of the Dungeon
  3034 | D:5      | Found an iron altar of Okawaru.
  3050 | D:5      | Reached skill level 8 in Maces & Flails
  3080 | D:5      | Found a glowing drain.
  3096 | Sewer    | Entered a sewer
  3288 | D:5      | Noticed Grinder
  3335 | D:5      | Killed Grinder
  3335 | D:5      | Reached skill level 9 in Maces & Flails
  3335 | D:5      | Reached XP level 8. HP: 4/46 MP: 8/8
  3647 | D:5      | Noticed Edmund
  3681 | D:5      | Killed Edmund
  3847 | D:5      | Reached skill level 10 in Maces & Flails
  3873 | D:5      | Got a fine chain mail
  3884 | D:5      | Identified the +11 chain mail of the Cooper {rElec Str+2 SInv Stlth+} (You found it on level 5 of the Dungeon)
  4091 | D:5      | Found an opulent altar of Gozag.
  4092 | D:5      | Found a sparkling altar of Nemelex Xobeh.
  4138 | D:5      | Reached skill level 5 in Fighting
  4306 | D:5      | Reached XP level 9. HP: 51/54 MP: 9/9
  4312 | D:5      | Gained mutation: You are frail (-10% HP). [mutagenic meat]
  4313 | D:5      | Gained mutation: Your body is slowly deteriorating. [mutagenic meat]
  4335 | D:5      | Found a staircase to the Ecumenical Temple.
  4342 | Temple   | Entered the Ecumenical Temple
  4408 | Temple   | Became a worshipper of Ashenzari the Shackled
  4940 | D:6      | Gained mutation: You have large cloven feet. [mutagenic meat]
  5745 | D:7      | Found a stormy altar of Qazlal.
  5749 | D:7      | Identified the +2 ring mail "Raolluss" {MR+}
  5999 | D:7      | Reached skill level 11 in Maces & Flails
  6639 | D:8      | Reached XP level 10. HP: 45/59 MP: 10/10
  6657 | D:8      | Found a sand-covered staircase.
  6664 | Ossuary  | Entered an ossuary
  7085 | D:8      | Reached skill level 10 in Fighting
  7315 | D:8      | Noticed Grum
  7334 | D:8      | Killed Grum
  7537 | D:8      | Found a staircase to the Lair.
  7537 | D:8      | Noticed an elephant
  7561 | D:8      | Killed an elephant
  7574 | D:8      | Reached skill level 12 in Maces & Flails
  7574 | D:8      | Reached skill level 5 in Armour
  7714 | D:8      | Noticed Blork the orc
  7720 | D:8      | Killed Blork the orc
  7904 | D:9      | Reached XP level 11. HP: 49/65 MP: 11/11
  8242 | D:9      | Noticed a manticore
  8260 | D:9      | Killed a manticore
  8495 | D:9      | Noticed a griffon
  8511 | D:9      | Killed a griffon
  8641 | D:9      | Acquired Ashenzari's first power
  8787 | D:10     | Entered Level 10 of the Dungeon
  8843 | D:10     | Noticed Erolcha
  8845 | D:10     | Paralysed by Erolcha for 3 turns
  8851 | D:10     | Noticed Erolcha
  8851 | D:10     | Erolcha changed into Erolcha the shapeshifter
  8852 | D:10     | Erolcha the shapeshifter changed into Erolcha the eye of draining
  8918 | D:10     | Reached skill level 1 in Evocations
  9618 | Lair:1   | Entered Level 1 of the Lair of Beasts
  9627 | Lair:1   | Reached skill level 5 in Shields
 10297 | Lair:1   | Acquired Ashenzari's second power
 11189 | Lair:2   | Lost mutation: You are frail (-10% HP). [potion of cure mutation]
 11189 | Lair:2   | Lost mutation: Your body is slowly deteriorating. [potion of cure mutation]
 11189 | Lair:2   | Lost mutation: You have large cloven feet. [potion of cure mutation]
 11299 | Lair:2   | Reached XP level 12. HP: 79/79 MP: 18/18
 11389 | Lair:2   | Noticed a four-headed hydra
 11400 | Lair:2   | Killed a four-headed hydra
 11861 | Lair:3   | Reached skill level 5 in Evocations
 11897 | Lair:3   | Noticed a five-headed hydra
 11912 | Lair:3   | Killed a five-headed hydra
 11935 | Lair:3   | Acquired Ashenzari's third power
 12143 | Lair:3   | Found a staircase to the Swamp.
 12514 | Lair:3   | Reached skill level 10 in Shields
 12875 | Lair:3   | Identified the +0 leather armour "Seluma" {Str+6}
 13190 | Lair:4   | Noticed Snorg
 13213 | Lair:4   | Killed Snorg
 13599 | Lair:4   | Noticed a death yak
 13600 | Lair:4   | Noticed a death yak
 13602 | Lair:4   | Noticed a death yak
 13602 | Lair:4   | Noticed a death yak
 13602 | Lair:4   | Noticed a death yak
 13696 | Lair:4   | Killed a death yak
 13699 | Lair:4   | Killed a death yak
 13706 | Lair:4   | Killed a death yak
 13706 | Lair:4   | Reached XP level 13. HP: 45/83 MP: 23/23
 13724 | Lair:4   | Killed a death yak
 13732 | Lair:4   | Killed a death yak
 14413 | Lair:5   | Acquired Ashenzari's fourth power
 14434 | Lair:5   | Reached skill level 1 in Dodging
 14448 | Lair:5   | Gained mutation: You are somewhat resistant to further mutation. [potion of beneficial mutation]
 14454 | Lair:5   | Learned a level 3 spell: Passwall
 14490 | Lair:5   | Found a hole to the Spider Nest.
 15030 | Lair:6   | Noticed Harold
 15048 | Lair:6   | Killed Harold
 15366 | Lair:6   | Identified the +1 hand axe "Guil" {chop, MR- Int+7 Dex+4 SInv Stlth-}
 15500 | Lair:6   | Noticed Erica
 15524 | Lair:6   | Killed Erica
 15740 | Lair:6   | Noticed Nergalle
 15812 | Lair:6   | Killed Nergalle
 16876 | Lair:7   | Found a staircase to the Slime Pits.
 16996 | Lair:8   | Entered Level 8 of the Lair of Beasts
 17272 | Lair:8   | Gained mutation: Your wings are large and strong. [gargoyle growth]
 17272 | Lair:8   | Reached XP level 14. HP: 57/92 MP: 26/26
 17558 | Lair:8   | Found an iron altar of Okawaru.
 17789 | Lair:8   | Reached skill level 13 in Fighting
 18557 | Lair:8   | Reached skill level 10 in Evocations
 18714 | Lair:8   | Reached skill level 5 in Dodging
 20001 | D:11     | Reached skill level 14 in Fighting
 20248 | D:12     | Found a staircase to the Orcish Mines.
 20566 | D:12     | Found Prues' Book Emporium.
 20945 | Orc:1    | Entered Level 1 of the Orcish Mines
 20945 | Orc:1    | Found Qanif's Distillery.
 20952 | Orc:1    | Found Fiytink's Distillery.
 20984 | Orc:1    | Bought a potion of heal wounds for 85 gold pieces
 20984 | Orc:1    | Bought 2 potions of heal wounds for 170 gold pieces
 21032 | Orc:1    | Found Baatevveeci's Armour Shop.
 21171 | Orc:2    | Reached XP level 15. HP: 96/101 MP: 28/28
 21251 | Orc:3    | Noticed Charly's ghost (experienced DDGl)
 21266 | Orc:3    | Killed Charly's ghost
 21765 | Orc:2    | Noticed Sonja
 21793 | Orc:2    | Killed Sonja
 21836 | Orc:2    | Found a bloodstained altar of Trog.
 21952 | Orc:1    | Found Koucaufo's General Store.
 21975 | Orc:1    | Bought a scroll of identify for 24 gold pieces
 21975 | Orc:1    | Bought a scroll of identify for 24 gold pieces
 22010 | Orc:1    | Found Fomiylo's Distillery.
 22062 | Orc:1    | Bought a potion of heal wounds for 60 gold pieces
 22062 | Orc:1    | Bought a potion of heal wounds for 60 gold pieces
 22406 | Orc:3    | Found a staircase to the Elven Halls.
 22665 | Orc:4    | Entered Level 4 of the Orcish Mines
 22830 | Orc:4    | Found an iron altar of Okawaru.
 22994 | Orc:4    | Found Zobex's Magic Scroll Shop.
 23364 | Orc:4    | Reached skill level 15 in Fighting
 23530 | Orc:4    | Found Quceulu's Magic Scroll Boutique.
 23599 | Orc:4    | Killed from afar by an orc priest

Action                   |  1- 3 |  4- 6 |  7- 9 | 10-12 | 13-15 || total
-------------------------+-------+-------+-------+-------+-------++-------
Melee: Flail             |    85 |   207 |   520 |  1338 |  2409 ||  4559
 Abil: Fly               |       |       |       |       |     1 ||     1
Evoke: Wand              |       |       |     2 |    11 |     3 ||    16
  Use: Scroll            |     4 |     1 |    15 |     6 |    12 ||    38
       Potion            |       |     1 |     8 |     5 |    11 ||    25
 Stab: Invisible         |       |       |     3 |    18 |    11 ||    32
  Eat: Meat ration       |       |     1 |       |       |       ||     1
       Chunk             |       |       |    14 |    16 |    32 ||    62
       Beef jerky        |       |       |     2 |     1 |       ||     3
       Fruit             |       |       |       |     6 |     1 ||     7
       Pizza             |       |       |       |     1 |       ||     1
       Royal jelly       |       |       |       |       |     2 ||     2
